 Dungeon Crawl Stone Soup version 0.17-a0-1718-g72dbe4d (webtiles) character file.

30 Oddball22 the Digger (level 3, 0/19 HPs)
             Began as a Gargoyle Earth Elementalist on Aug 5, 2015.
             Slain by an adder (3 damage)
             ... on level 2 of the Dungeon on Aug 26, 2015.
             The game lasted 00:04:56 (893 turns).

Oddball22 the Digger (Gargoyle Earth Elementalist)   Turns: 893, Time: 00:04:56

Health: 0/19       AC:  5    Str: 12    XL:     3   Next: 18%
Magic:  0/6        EV: 12    Int: 15    God:
Gold:   55         SH:  0    Dex: 10    Spells: 2 memorised, 4 levels left

rFire  . . .     SeeInvis .     i - +0 dagger
rCold  . . .     Clarity  .     b - +0 robe
rNeg   + . .     SustAt   .     (no shield)
rPois  ∞         Gourm    .     (no helmet)
rElec  +         Spirit   .     (no cloak)
rCorr  .         Warding  .     (no gloves)
rMut   .         Stasis   .     (no boots)
MR     .....                    (no amulet)
Stlth  ++........               (no ring)
                                (no ring)

@: not resistant to hostile enchantments, unstealthy
A: negative energy resistance 1, electricity resistance, unbreathing,
petrification resistance, rot immunity, AC +3
a: no special abilities


You were on level 2 of the Dungeon.
You were not hungry.

You visited 1 branch of the dungeon, and saw 2 of its levels.

You collected 55 gold pieces.

Inventory:

Hand weapons
 i - a +0 dagger (weapon)
Missiles
 a - 32 stones (quivered)
Armour
 b - a +0 robe (worn)
Scrolls
 e - a scroll of noise {unknown}
 g - 2 scrolls of remove curse {unknown}
 j - a scroll of teleportation {unknown}
 k - a scroll of identify {unknown}
Potions
 l - a potion of curing {unknown}
Books
 c - a book of Geomancy

   Spells                             Type                      Level
   a - Sandblast                      Earth                        1
   b - Stoneskin                      Transmutation/Earth          2
   c - Passwall                       Transmutation/Earth          3
   d - Stone Arrow                    Conjuration/Earth            3
   e - Petrify                        Transmutation/Earth          4
   f - Lee's Rapid Deconstruction     Earth                        5
Comestibles
 d - a bread ration
 f - 2 meat rations
 h - 3 chunks of flesh


   Skills:
 - Level 1.5 Dodging
 - Level 2.1 Stealth
 + Level 2.5 Spellcasting
 + Level 1.1 Transmutations
 * Level 4.3 Earth Magic


You had 4 spell levels left.
You knew the following spells:

 Your Spells              Type           Power        Failure   Level  Hunger
a - Sandblast             Erth           ###...       3%          1    #......
b - Stoneskin             Trmt/Erth      ##......     12%         2    ###....


Dungeon Overview and Level Annotations

Branches:
Dungeon (2/15)

Altars:


Innate Abilities, Weirdness & Mutations

You are resistant to torment.
Your stone body is resilient (AC +3).
You are immune to poison.
You resist negative energy.
You are resistant to electric shocks.
You can survive without breathing.
You are immune to petrification.
You are immune to rotting.


Message History

The adder is heavily wounded.
The adder bites you but does no damage.
You miss the adder.
The adder is heavily wounded.
The adder bites you.
* * * LOW HITPOINT WARNING * * *
The adder bites you but does no damage.
You hit the adder but do no damage.
The adder is heavily wounded.
The adder closely misses you.
Casting: Sandblast
Confirm with . or Enter, or press ? or * to list all spells.
Aiming: Sandblast
Press: ? - help, Shift-Dir - straight line, f/p - adder
Aim: an adder (heavily wounded)
The blast of sand misses the adder.
The adder closely misses you.
You barely miss the adder.
The adder is heavily wounded.
The adder bites you.
You die...

#. .. . ##. .##
h. ..# ###h#
##### #.# ....
...# #.# #.. ...#
#.#
#..#####.[#####<#
#..S@.##......#.#
#..##.##..###.#.#
#...)...........#
#.######.÷###.###
#. #####..###.#
#.............# #
#############


You could see an adder.

Vanquished Creatures
  An adder (D:2)
  A giant gecko (D:1)
  2 hobgoblins (D:1)
  2 jackals (D:2)
  A kobold (D:1)
  6 bats (D:1)
  A giant cockroach (D:1)
  5 goblins
  A rat (D:1)
20 creatures vanquished.

Notes
Turn   | Place    | Note
--------------------------------------------------------------
     0 | D:1      | Oddball22 the Gargoyle Earth Elementalist began the quest for the Orb.
     0 | D:1      | Reached XP level 1. HP: 10/10 MP: 3/3
   344 | D:1      | Reached XP level 2. HP: 15/15 MP: 1/5
   345 | D:1      | Upgraded the game from 0.17-a0-1635-gd4e48f1 to 0.17-a0-1718-g72dbe4d
   439 | D:1      | Learned a level 2 spell: Stoneskin
   451 | D:1      | Reached skill level 4 in Earth Magic
   805 | D:2      | Reached skill level 1 in Transmutations
   805 | D:2      | Reached XP level 3. HP: 13/19 MP: 1/6
   893 | D:2      | Slain by an adder

Vault maps used:
D:1:      dpeg_arrival_oval
D:2:      kiku_gazebo_garden_becter, ashenzari_conservatory_becter, first_bread,
          uniq_sigmund

Action                   || total
-------------------------++-------
Melee: Unarmed           ||    16
       Dagger            ||    25
 Cast: Sandblast         ||    39
 Stab: Sleeping          ||     1
